 Dungeon Crawl Stone Soup version 0.19.5 (webtiles) character file.

184926 Peloso the Hoplite (level 17, -5/179 HPs)
             Began as a Minotaur Fighter on Apr 29, 2017.
             Was the Champion of Okawaru.
             Shot with an arrow by a naga sharpshooter (16 damage)
             ... on level 4 of the Snake Pit.
             The game lasted 01:49:48 (26537 turns).

Peloso the Hoplite (Minotaur Fighter)              Turns: 26537, Time: 01:49:48

Health: -5/179     AC: 36    Str: 40    XL:     17   Next: 79%
Magic:  17/17      EV: 13    Int: 11    God:    Okawaru [******]
Gold:   1572       SH: 32    Dex: 16    Spells: 0 memorised, 16 levels left

rFire  . . .     SeeInvis .     V - +10 sword of Jihad {holy, *Rage rN+ EV+3}
rCold  x . .     Gourm    .     L - +15 Maxwell's patent armour {-Cast -Tele rElec MR+ rCorr}
rNeg   + . .     Faith    +     U - +5 large shield "Bikkask" {rC- Int+4 Slay+3}
rPois  +         Spirit   .     (helmet restricted)
rElec  +         Reflect  .     G - +0 cloak
rCorr  +         Harm     .     b - +1 pair of gloves {Str+3}
MR     ++...     Rnd*Rage +     (no boots)
Stlth  .......... NoTele   +    a - amulet "Uhor" {Faith rC- Str+7} NoCast +
                                K - ring of Esaciogh {+Fly rC+ Str+4 Int+2 Dex+4}
                                N - ring of poison resistance

@: lethally poisoned (-5 -> -6), exhausted, slowed, constricted, very slow
A: retaliatory headbutt, horns 2, robust 1
a: Heroism, Finesse, Renounce Religion, Evoke Flight


You were on level 4 of the Snake Pit.
You worshipped Okawaru.
Okawaru was exalted by your worship.
You were not hungry.

You visited 4 branches of the dungeon, and saw 27 of its levels.
You visited 1 bazaar.
You also visited: Ice Cave.

You collected 3016 gold pieces.
You spent 1444 gold pieces at shops.

Inventory:

Hand Weapons
 S - a +2 scimitar of flaming
 T - the +11 falchion of the Viper {antimagic, -Tele rF++ rC+++ Dex-4}
   (You bought it in a shop on level 4 of the Dungeon)

   It reduces the magical energy of the wielder, and disrupts the spells and
   magical abilities of those hit.
   Natural abilities and divine invocations are not affected.
   It affects your dexterity (-4).
   It greatly protects you from fire.
   It renders you almost immune to cold.
   It prevents most forms of teleportation.
 V - the +10 sword of Jihad (weapon) {holy, *Rage rN+ EV+3}
   (Okawaru gifted it to you on level 10 of the Dungeon)

   It has been blessed by the Shining One to cause great damage to the undead
   and demons.
   It affects your evasion (+3).
   It protects you from negative energy.
   It may make you go berserk in combat.
Armour
 b - a +1 pair of gloves of strength (worn)
 t - the +2 plate armour "Ritit" {-Tele rElec Int+4 Stlth+}
   (Okawaru gifted it to you on level 3 of the Snake Pit)

   It affects your intelligence (+4).
   It insulates you from electricity.
   It prevents most forms of teleportation.
   It makes you more stealthy.
 B - a +1 large shield of poison resistance
 G - a +0 cloak (worn)
 J - a +2 pair of gloves
 L - the +15 Maxwell's patent armour (worn) {-Cast -Tele rElec MR+ rCorr}
   (You acquired it on level 14 of the Dungeon)

   It insulates you from electricity.
   It affects your resistance to hostile enchantments.
   It prevents spellcasting.
   It prevents most forms of teleportation.
   It protects you from acid and corrosion.
 U - the +5 large shield "Bikkask" (worn) {rC- Int+4 Slay+3}
   (Okawaru gifted it to you on level 15 of the Dungeon)

   It affects your intelligence (+4).
   It affects your accuracy and damage with ranged weapons and melee attacks
   (+3).
   It makes you vulnerable to cold.
Jewellery
 a - the amulet "Uhor" (around neck) {Faith rC- Str+7}
   (You bought it in a shop in a bazaar)

   [amulet of faith]

   It allows you to gain divine favour quickly.
   It affects your strength (+7).
   It makes you vulnerable to cold.
 n - an uncursed ring of protection from magic
 H - an uncursed ring of see invisible
 K - the ring of Esaciogh (right hand) {+Fly rC+ Str+4 Int+2 Dex+4}
   (You found it in an ice cave)

   [ring of protection from cold]

   It affects your strength (+4).
   It affects your intelligence (+2).
   It affects your dexterity (+4).
   It protects you from cold.
   It lets you fly.
 N - a ring of poison resistance (left hand)
Wands
 e - a wand of disintegration (13/24)
 l - a wand of digging (13/24)
 q - a wand of teleportation (2/9)
 r - a wand of heal wounds (4/9)
 y - a wand of heal wounds (5/9)
Scrolls
 h - 11 scrolls of remove curse
 k - 9 scrolls of teleportation
 o - 2 scrolls of identify
 p - a scroll of fog
 v - a scroll of amnesia
 w - 4 scrolls of magic mapping
 x - a scroll of enchant weapon
 D - 6 scrolls of fear
 P - 3 scrolls of recharging
 Q - 3 scrolls of blinking
Potions
 c - a potion of resistance
 d - 5 potions of might
 g - a potion of brilliance
 j - 3 potions of haste
 s - 12 potions of curing
 u - 9 potions of heal wounds
 C - 6 potions of agility
 F - a potion of invisibility
 I - 3 potions of berserk rage
 X - 7 potions of flight
Books
 m - a book of Frost

   Spells                             Type                      Level
   a - Freeze                         Ice                          1
   b - Throw Frost                    Conjuration/Ice              2
   c - Ozocubu's Armour               Charms/Ice                   3
   d - Throw Icicle                   Conjuration/Ice              4
   e - Summon Ice Beast               Ice/Summoning                4
Comestibles
 f - 13 bread rations
 i - 5 beef jerkies
 z - 17 royal jellies
 A - a chunk of flesh
 E - 8 meat rations
 M - 18 fruits


   Skills:
 + Level 17.8 Fighting
 + Level 18.5 Long Blades
 + Level 15.4 Armour
 + Level 7.0 Dodging
 + Level 2.1 Stealth
 + Level 21.0 Shields
 + Level 1.5 Invocations
 + Level 1.0 Evocations


You had 16 spell levels left.
You didn't know any spells.

Dungeon Overview and Level Annotations

Branches:
Dungeon (15/15)            Temple (0/1) D:7            Lair (6/6) D:10
  Swamp (0/4) Lair:3        Snake (4/4) Lair:4        Slime (0/5) Lair:6
    Orc (2/2) D:10            Elf (0/3) Orc:2        Vaults (0/5) D:13
 Depths (0/5) D:15

Altars:
Ashenzari
Cheibriados
Dithmenos
Elyvilon
Fedhas
Gozag
Hepliaklqana
Makhleb
Okawaru
Qazlal
Ru
Trog
Uskayaw
Xom
Zin
Beogh

Shops:
D:4 (!}   D:5 *!}(   D:6 *   D:9 *   D:14 (   Orc:2 =[((   Snake:1 !

Annotations:
Snake:4 Kirke


Innate Abilities, Weirdness & Mutations

You reflexively headbutt those who attack you in melee.
You have a pair of horns on your head.
You are robust. (+10% HP)


Message History

The black mamba is poisoned.
The bolt of poison misses you. The black mamba completely misses you.
You block the anaconda's attack. The anaconda closely misses you.
You block the black mamba's attack. The lindwurm breathes flames at you.
The blast of flame hits you!
* * * LOW HITPOINT WARNING * * *
The naga sharpshooter gestures wildly while chanting.
The naga sharpshooter magically shoots an arrow.
The arrow hits you.
* * * LOW HITPOINT WARNING * * *
You feel sick.
* * * LOW HITPOINT WARNING * * *
The anaconda grabs you. You block the anaconda's attack.
* * * LOW HITPOINT WARNING * * *
The anaconda constricts you. You block the black mamba's attack.
You block the anaconda's attack. The anaconda constricts you.
The naga sharpshooter casts a spell.
The naga sharpshooter magically shoots an arrow.
The arrow hits you!
You die...

.......###...........## ##....
........##............ ##.##
......[........... #..### #..#
..##(..)).......# #.).#####.##
.###..))........# ##).......# .#
#............## #)#####..##
.###.........)...## ##..# ##..#
..##......[((.)[..###...### ##.##
..##..........)(@S#(......# #..#
..##.)........[.S(SNN.###...##...
...............SN.SN..# #.......
........#........Nk...## ##..@...
.#......#........(..NN.# #......
##.....................####..####
##........#...............@..##
#.........#.....N....###.....#
##.....##..#........### #..#...#


You could see a naga warrior, 3 naga sharpshooters, an anaconda, a naga
ritualist, a lindwurm, a guardian serpent, 3 black mambas, 2 naga magi and a
naga.

Vanquished Creatures
  Mara (Snake:3)
  Bai Suzhen (Snake:3)
  Saint Roka (Snake:4)
  Vashnia (Snake:2)
  Nikola (Snake:1)
  Frances (D:13)
  Agnes (Snake:1)
  Roxanne (D:15)
  4 nagarajas
  A daeva (D:13)
  A frost giant (IceCv)
  Aizul (Snake:4)
  An orc warlord (Orc:2)
  Nessos (Lair:6)
  A dire elephant (D:15)
  The ghost of dranichekk the Fighter, a journeyman CeHu of Gozag (Orc:2)
  The ghost of McKennaii the Carver, a journeyman DrBe of Trog (D:13)
  A fire dragon (D:15)
  Josephine (D:15)
  7 hydras
  8 naga warriors
  A vault guard (D:13)
  2 catoblepae
  8 centaur warriors
  An ogre mage (D:15)
  12 anacondas
  2 tengu warriors
  6 naga sharpshooters
  The ghost of tschems the Cleaver, a novice HuFi of Qazlal (Lair:1)
  An orc high priest (Orc:2)
  Urug (D:10)
  3 death yaks (IceCv)
  7 shock serpents
  5 naga ritualists
  3 wizards
  A necromancer (D:13)
  6 hill giants
  8 mana vipers
  5 orc sorcerers
  A deep elf mage (D:12)
  An orc knight (Orc:1)
  The ghost of Aleruyeri the Gouger, a novice FeAK of Lugonu (D:10)
  2 manticores
  5 salamanders
  5 cyclopes
  13 elephants (Lair:6)
  25 ugly things
  An ice statue (IceCv)
  12 naga magi
  4 guardian serpents
  22 black mambas
  Psyche (D:10)
  A gargoyle (D:15)
  A centaur zombie (D:10)
  6 spiny frogs
  2 rime drakes
  9 komodo dragons
  An efreet (D:15)
  A harpy zombie (D:15)
  A merfolk (D:15)
  A queen bee (Lair:2)
  7 trolls
  3 hornets (Lair:6)
  15 polar bears
  4 two-headed ogres
  5 blink frogs
  11 hippogriffs
  7 dream sheep (Lair:6)
  9 slime creatures
  2 shadows
  A centaur simulacrum (D:15)
  A redback (Lair:6)
  10 spriggans (Lair:6)
  5 wyverns
  92 yaks
  20 humans (D:13)
  5 wraiths
  A hog (Snake:4)
  4 hungry ghosts
  3 basilisks
  A steam dragon (D:13)
  10 vampire mosquitoes (D:14)
  40 nagas
  A mottled dragon (D:14)
  10 wargs
  18 water moccasins
  10 porcupines
  4 sky beasts
  An ice beast (D:15)
  41 orc warriors
  2 black bears
  16 ogres
  2 eyes of draining
  3 necrophages
  18 centaurs
  6 phantoms
  The ghost of letownia the Chopper, an amateur FoFi (D:5)
  3 boggarts (Lair:6)
  49 wolves
  13 crocodiles
  A big kobold (D:10)
  17 bullfrogs
  8 scorpions
  33 killer bees
  16 wights
  6 electric eels
  3 howler monkeys
  2 bullfrog zombies
  7 crimson imps
  3 bullfrog skeletons
  10 hounds
  20 jellies
  22 orc priests
  3 centaur skeletons
  6 iguanas
  33 orc wizards
  7 worker ants
  A worker ant zombie (D:5)
  A howler monkey zombie (D:8)
  3 gnolls (D:6)
  12 adders
  5 shadow imps
  12 white imps
  6 oozes
  An adder zombie (D:3)
  3 adder skeletons
  3 worms
  A dart slug (D:2)
  7 leopard geckos
  134 orcs
  5 bats
  4 giant cockroaches
  2 goblins
  4 hobgoblins
  4 jackals
  5 quokkas
  2 ball pythons
  A ball python skeleton (D:4)
  5 frilled lizards
  A jackal zombie (D:3)
  16 kobolds
  A quokka skeleton (D:6)
  A rat (D:1)
  22 plants (Lair:3)
1139 creatures vanquished.

Vanquished Creatures (others)
  An orc warrior (Snake:4)
  2 orc wizards (Snake:4)
  An orc (Snake:4)
  5 fungi
  2 plants
11 creatures vanquished.

Grand Total: 1150 creatures vanquished

Notes
Turn   | Place    | Note
-------+----------+-------------------------------------------
     0 | D:1      | Peloso the Minotaur Fighter began the quest for the Orb.
     0 | D:1      | Reached XP level 1. HP: 19/19 MP: 0/0
   598 | D:1      | Reached XP level 2. HP: 27/27 MP: 1/1
   899 | D:2      | Reached skill level 4 in Shields
   904 | D:2      | Reached XP level 3. HP: 23/33 MP: 2/2
  1504 | D:3      | Reached XP level 4. HP: 40/40 MP: 3/3
  1573 | D:3      | Found an iron altar of Okawaru.
  1592 | D:3      | Became a worshipper of Warmaster Okawaru
  2081 | D:4      | Found a hide-covered altar of Uskayaw.
  2082 | D:4      | Noticed a dagger
  2082 | D:4      | Noticed a dagger
  2091 | D:4      | Reached skill level 1 in Dodging
  2091 | D:4      | Reached XP level 5. HP: 38/46 MP: 4/4
  2145 | D:4      | Noticed a phantom
  2162 | D:4      | Killed a phantom
  2162 | D:4      | Reached skill level 5 in Shields
  2168 | D:4      | Found a hazy altar of Hepliaklqana.
  2201 | D:4      | Found Kimodgh's Antique Weapon Shop.
  2227 | D:4      | Found Duetoej's Distillery.
  2237 | D:4      | Bought a potion of curing for 30 gold pieces
  2237 | D:4      | Bought a potion of agility for 40 gold pieces
  2248 | D:4      | Reached XP level 6. HP: 42/53 MP: 5/5
  2258 | D:4      | Reached * piety under Okawaru
  2258 | D:4      | Reached skill level 5 in Armour
  2285 | D:4      | Bought 2 potions of might for 80 gold pieces
  2306 | D:4      | Found Yfioxt's Gadget Shop.
  2416 | D:4      | Found a burning altar of Makhleb.
  2418 | D:4      | Reached skill level 5 in Long Blades
  2485 | D:4      | Reached XP level 7. HP: 39/60 MP: 6/6
  2905 | D:4      | Reached skill level 6 in Shields
  3015 | D:5      | Entered Level 5 of the Dungeon
  3029 | D:5      | Found a stormy altar of Qazlal.
  3032 | D:5      | Reached skill level 5 in Fighting
  3059 | D:5      | Found Bionkasch's Distillery.
  3131 | D:5      | Found Cegrub's Weapon Boutique.
  3207 | D:5      | Found a sacrificial altar of Ru.
  3296 | D:5      | Noticed letownia's ghost (amateur FoFi)
  3317 | D:5      | Killed letownia's ghost
  3317 | D:5      | Reached ** piety under Okawaru
  3329 | D:5      | Found Dehiemou's Gadget Emporium.
  3401 | D:5      | Found a shattered altar of Ashenzari.
  3481 | D:5      | Found Ciniet's General Store.
  3486 | D:5      | Bought a scroll of remove curse for 36 gold pieces
  3486 | D:5      | Bought a scroll of magic mapping for 42 gold pieces
  3503 | D:5      | Reached XP level 8. HP: 69/69 MP: 4/7
  3623 | D:5      | Found a bloodstained altar of Trog.
  4012 | D:6      | Found a glowing silver altar of Zin.
  4012 | D:6      | Found Zin's Purification Station.
  4436 | D:6      | Found a shimmering altar of Xom.
  4518 | D:6      | Found a shadowy altar of Dithmenos.
  4611 | D:6      | Reached skill level 7 in Shields
  5008 | D:7      | Found a staircase to the Ecumenical Temple.
  5137 | D:7      | Reached *** piety under Okawaru
  5243 | D:7      | Reached XP level 9. HP: 20/78 MP: 8/8
  5626 | D:7      | Reached skill level 1 in Stealth
  6027 | D:8      | Found a shadowy altar of Dithmenos.
  6085 | D:8      | Reached skill level 8 in Shields
  6118 | D:8      | Found an opulent altar of Gozag.
  6607 | D:4      | Bought a dazzling falchion for 192 gold pieces
  6607 | D:4      | Identified the +11 falchion of the Viper {antimagic, -Tele rF++ rC+++ Dex-4} (You bought it in a shop on level 4 of the Dungeon)
  6880 | D:8      | Reached skill level 10 in Long Blades
  6922 | D:8      | Reached **** piety under Okawaru
  7303 | D:9      | Found a blossoming altar of Fedhas.
  7365 | D:9      | Gained mutation: You are robust. (+10% HP) [potion of beneficial mutation]
  7397 | D:9      | Reached XP level 10. HP: 81/96 MP: 3/9
  7532 | D:9      | Noticed a hill giant
  7542 | D:9      | Killed a hill giant
  7542 | D:9      | Reached skill level 9 in Shields
  7609 | D:9      | Found Imisio's General Store.
  7618 | D:9      | Bought a scroll of fear for 38 gold pieces
  7708 | D:9      | Reached ***** piety under Okawaru
  7829 | D:10     | Entered Level 10 of the Dungeon
  7834 | D:10     | Noticed Psyche
  7842 | D:10     | Killed Psyche
  7899 | D:10     | Noticed a red ugly thing
  7908 | D:10     | Killed a red ugly thing
  7993 | D:10     | Found a staircase to the Orcish Mines.
  8018 | D:10     | Received a gift from Okawaru
  8288 | D:10     | Received a gift from Okawaru
  8306 | D:10     | Noticed Aleruyeri's ghost (novice FeAK)
  8307 | D:10     | Noticed a hill giant
  8322 | D:10     | Killed Aleruyeri's ghost
  8331 | D:10     | Killed a hill giant
  8331 | D:10     | Reached skill level 10 in Armour
  8468 | D:10     | Found a staircase to the Lair.
  8476 | D:10     | Noticed Urug
  8490 | D:10     | Killed Urug
  8490 | D:10     | Reached skill level 10 in Shields
  8490 | D:10     | Reached XP level 11. HP: 104/104 MP: 7/10
  9081 | D:11     | Reached skill level 1 in Invocations
  9152 | D:11     | Received a gift from Okawaru
  9259 | D:11     | Noticed a centaur warrior
  9268 | D:11     | Killed a centaur warrior
  9280 | D:11     | Reached skill level 11 in Shields
  9337 | D:11     | Reached skill level 10 in Fighting
  9428 | D:12     | Noticed a centaur warrior
  9429 | D:12     | Noticed a deep elf mage
  9431 | D:12     | Killed a centaur warrior
  9433 | D:12     | Noticed a tengu warrior
  9435 | D:12     | Killed a deep elf mage
  9443 | D:12     | Killed a tengu warrior
  9443 | D:12     | Reached XP level 12. HP: 100/117 MP: 11/11
  9603 | Lair:1   | Entered Level 1 of the Lair of Beasts
  9716 | Lair:1   | Received a gift from Okawaru
  9716 | Lair:1   | Reached skill level 12 in Shields
  9728 | Lair:1   | Reached ****** piety under Okawaru
  9730 | Lair:1   | Noticed tschems's ghost (novice HuFi)
  9747 | Lair:1   | Killed tschems's ghost
 10071 | Lair:1   | Noticed a four-headed hydra
 10084 | Lair:1   | Killed a one-headed hydra
 10965 | Lair:2   | Reached skill level 13 in Shields
 11554 | Lair:3   | Found a staircase to the Swamp.
 11554 | Lair:3   | Noticed a five-headed hydra
 11566 | Lair:3   | Killed a one-headed hydra
 11577 | Lair:3   | Reached XP level 13. HP: 25/129 MP: 12/12
 11607 | Lair:3   | Found a frozen archway.
 11718 | IceCv    | Entered an ice cave
 11844 | IceCv    | Received a gift from Okawaru
 12006 | IceCv    | Received a gift from Okawaru
 12008 | IceCv    | Reached skill level 14 in Shields
 12347 | IceCv    | Noticed a frost giant
 12380 | IceCv    | Killed a frost giant
 12420 | IceCv    | Got a pitted chain mail
 12425 | IceCv    | Got a warped steel ring
 12427 | IceCv    | Identified the ring of Esaciogh {+Fly rC+ Str+4 Int+2 Dex+4} (You found it in an ice cave)
 12439 | IceCv    | Identified the +8 chain mail of Kaegest {Int+3} (You found it in an ice cave)
 13080 | Lair:3   | Received a gift from Okawaru
 13901 | Lair:4   | Found a staircase to the Snake Pit.
 14353 | Lair:4   | Reached skill level 15 in Shields
 14675 | Lair:5   | Reached skill level 15 in Long Blades
 14675 | Lair:5   | Reached XP level 14. HP: 141/141 MP: 13/13
 14743 | Lair:5   | Received a gift from Okawaru
 15686 | Lair:6   | Entered Level 6 of the Lair of Beasts
 15688 | Lair:6   | Found a staircase to the Slime Pits.
 15835 | Lair:6   | Noticed Nessos
 15850 | Lair:6   | Killed Nessos
 16246 | Lair:6   | Identified the Volume of Evil
 16318 | Lair:6   | Reached skill level 5 in Dodging
 16404 | Lair:6   | Received a gift from Okawaru
 16418 | Lair:6   | Got a fine hat {god gift}
 16424 | Lair:6   | Identified the +1 hat of the Leaf {rElec rCorr Str-3 Dex-3} (Okawaru gifted it to you on level 6 of the Lair of Beasts)
 16456 | Lair:6   | Reached skill level 16 in Shields
 17180 | D:13     | Noticed Frances
 17193 | D:13     | Killed Frances
 17288 | D:13     | Reached XP level 15. HP: 130/152 MP: 1/14
 17357 | D:13     | Found a white marble altar of Elyvilon.
 17357 | D:13     | Found a runed door.
 17357 | D:13     | Noticed a daeva
 17419 | D:13     | Received a gift from Okawaru
 17488 | D:13     | Noticed McKennaii's ghost (journeyman DrBe)
 17496 | D:13     | Killed McKennaii's ghost
 17496 | D:13     | Reached skill level 15 in Fighting
 17592 | D:13     | Found a gateway to a bazaar.
 17599 | Bazaar   | Entered a bazaar
 17601 | Bazaar   | Found Achepp's Food Boutique.
 17605 | Bazaar   | Found Woczi's Magic Scroll Boutique.
 17605 | Bazaar   | Found Ylad's Jewellery Boutique.
 17605 | Bazaar   | Found Anaefeoz's Food Boutique.
 17623 | Bazaar   | Bought a scroll of enchant armour for 75 gold pieces
 17641 | Bazaar   | Bought a scroll of magic mapping for 35 gold pieces
 17641 | Bazaar   | Bought a scroll of teleportation for 30 gold pieces
 17647 | Bazaar   | Bought the amulet "Uhor" {Faith rC- Str+7} for 437 gold pieces
 17655 | Bazaar   | Bought a scroll of recharging for 95 gold pieces
 17655 | Bazaar   | Bought a scroll of enchant weapon for 75 gold pieces
 17655 | Bazaar   | Bought a scroll of identify for 20 gold pieces
 17655 | Bazaar   | Bought a scroll of enchant armour for 75 gold pieces
 17708 | D:13     | Paralysed by a wizard for 3 turns
 17790 | D:13     | Found a gate to the Vaults.
 18172 | D:13     | Killed a daeva
 18172 | D:13     | Received a gift from Okawaru
 18409 | D:14     | Reached skill level 17 in Shields
 18805 | D:14     | Found Inukhleist's Antique Weapon Shoppe.
 18822 | D:14     | Got an encrusted hand axe
 18983 | D:14     | Identified a scroll of acquirement
 18998 | D:15     | Entered Level 15 of the Dungeon
 19006 | D:15     | Reached skill level 1 in Evocations
 19050 | D:15     | Noticed Josephine
 19058 | D:15     | Killed Josephine
 19276 | D:15     | Found a staircase to the Depths.
 19295 | D:15     | Received a gift from Okawaru
 19298 | D:15     | Got a blackened large shield {god gift}
 19309 | D:15     | Identified the +5 large shield "Bikkask" {rC- Int+4 Slay+3} (Okawaru gifted it to you on level 15 of the Dungeon)
 19526 | D:15     | Identified the +5 hand axe "Waot" {chop, rF+ Dex+4} (You found it on level 14 of the Dungeon)
 20010 | D:15     | Noticed Roxanne
 20021 | D:15     | Killed Roxanne
 20021 | D:15     | Reached skill level 18 in Shields
 20021 | D:15     | Reached XP level 16. HP: 166/166 MP: 16/16
 20022 | D:15     | Identified Roxanne's Collected Works on Moulding (You took it off Roxanne on level 15 of the Dungeon)
 20677 | Orc:1    | Entered Level 1 of the Orcish Mines
 20889 | Orc:2    | Entered Level 2 of the Orcish Mines
 20994 | Orc:2    | Noticed dranichekk's ghost (journeyman CeHu)
 21004 | Orc:2    | Killed dranichekk's ghost
 21154 | Orc:2    | Found a roughly hewn altar of Beogh.
 21213 | Orc:2    | Found a roughly hewn altar of Beogh.
 21229 | Orc:2    | Found Ecwenorui's Jewellery Boutique.
 21266 | Orc:2    | Found a roughly hewn altar of Beogh.
 21409 | Orc:2    | Found a staircase to the Elven Halls.
 21441 | Orc:2    | Found a roughly hewn altar of Beogh.
 21585 | Orc:2    | Found a roughly hewn altar of Beogh.
 21587 | Orc:2    | Found Unluj's Antique Weapon Shop.
 21800 | Orc:2    | Received a gift from Okawaru
 21839 | Orc:2    | Found Muplur's Antique Weapon Boutique.
 21840 | Orc:2    | Found a roughly hewn altar of Beogh.
 21841 | Orc:2    | Found Nigux's Antique Armour Shop.
 22320 | Snake:1  | Entered Level 1 of the Snake Pit
 22405 | Snake:1  | Found Leygg's Distillery.
 22408 | Snake:1  | Bought a potion of heal wounds for 60 gold pieces
 22408 | Snake:1  | Bought a potion of might for 48 gold pieces
 22408 | Snake:1  | Bought a potion of curing for 36 gold pieces
 22451 | Snake:1  | Found a snail-covered altar of Cheibriados.
 22578 | Snake:1  | Received a gift from Okawaru
 22670 | Snake:1  | Noticed Nikola
 22685 | Snake:1  | Killed Nikola
 22734 | Snake:1  | Noticed Agnes
 22750 | Snake:1  | Killed Agnes
 23546 | Snake:2  | Reached skill level 19 in Shields
 23750 | Snake:2  | Noticed Vashnia
 23786 | Snake:2  | Killed Vashnia
 24152 | Snake:2  | Received a gift from Okawaru
 24276 | Snake:3  | Noticed Mara
 24287 | Snake:3  | Noticed Peloso's illusion
 24299 | Snake:3  | Noticed Peloso's illusion
 24303 | Snake:3  | Killed Mara
 24322 | Snake:3  | Reached XP level 17. HP: 175/177 MP: 17/17
 24329 | Snake:3  | Received a gift from Okawaru
 24656 | Snake:3  | Reached skill level 15 in Armour
 25320 | Snake:3  | Noticed Bai Suzhen
 25330 | Snake:3  | Killed Bai Suzhen
 25330 | Snake:3  | Received a gift from Okawaru
 25330 | Snake:3  | Reached skill level 20 in Shields
 25338 | Snake:3  | Got an ichor-stained plate armour {god gift}
 25349 | Snake:3  | Identified the +2 plate armour "Ritit" {-Tele rElec Int+4 Stlth+} (Okawaru gifted it to you on level 3 of the Snake Pit)
 25516 | Snake:4  | Entered Level 4 of the Snake Pit
 25755 | Snake:4  | Noticed Saint Roka
 26061 | Snake:4  | Killed Saint Roka
 26152 | Snake:4  | Noticed Aizul
 26159 | Snake:4  | Killed Aizul
 26508 | Snake:4  | Reached skill level 21 in Shields
 26515 | Snake:4  | Received a gift from Okawaru
 26519 | Snake:4  | Noticed Kirke
 26534 | Snake:4  | HP: 3/179 [lindwurm/blast of flame[Kirke] (25)]
 26537 | Snake:4  | Shot with an arrow by a naga sharpshooter

Skill      XL: |  1  2  3  4  5  6  7  8  9 10 11 12 13 14 15 16 17 |
---------------+----------------------------------------------------+-----
Shields        | 4 5 6 7 8 10 11 13 15 16 18 19 21 | 21.0
Fighting       | 4 5 6 7 8 10 12 13 14 16 17 | 17.8
Long Blades    | 3 4 5 6 8 10 12 13 14 15 16 17 18 | 18.5
Armour         | 4 5 7 8 10 11 12 13 14 15 | 15.4
Dodging        | 1 2 3 4 5 6 7 |  7.0
Stealth        | 1 2 |  2.1
Invocations    | 1 |  1.5
Evocations     | 1 |  1.0

Action                   |  1- 3 |  4- 6 |  7- 9 | 10-12 | 13-15 | 16-18 || total
-------------------------+-------+-------+-------+-------+-------+-------++-------
Melee: Long sword        |    65 |   110 |   424 |       |       |       ||   599
       Headbutt          |    14 |    20 |   115 |   118 |   404 |   221 ||   892
       Falchion          |       |       |    73 |   124 |   270 |       ||   467
       Eudemon blade     |       |       |       |   424 |   880 |   732 ||  2036
       Katana            |       |       |       |       |    55 |       ||    55
Invok: Heroism           |       |       |     5 |     1 |     2 |     1 ||     9
Evoke: Wand              |       |       |     2 |       |     4 |       ||     6
  Use: Scroll            |       |       |    15 |     6 |    15 |     3 ||    39
       Potion            |       |       |     1 |     1 |       |     1 ||     3
  Eat: Chunk             |     1 |     4 |    16 |    15 |    28 |    16 ||    80
       Fruit             |       |       |       |       |     1 |       ||     1
       Pizza             |       |       |       |       |       |     4 ||     4
Armor: Scale mail        |    37 |    49 |    71 |       |       |       ||   157
       Plate armour      |       |       |    69 |   173 |    79 |   118 ||   439
       Chain mail        |       |       |       |       |   349 |    40 ||   389
Dodge: Dodged            |    18 |    19 |   129 |   190 |   415 |   166 ||   937
Block: Shield            |    50 |    47 |   194 |   332 |   757 |       ||  1380
       Large shield      |       |       |       |       |    45 |  1016 ||  1061
       Rpst.: Long sword |     5 |     6 |    31 |       |       |       ||    42
       Falchion          |       |       |     7 |    12 |    10 |       ||    29
       Eudemon blade     |       |       |       |    32 |    86 |    37 ||   155
       Katana            |       |       |       |       |     2 |       ||     2
